[Event "1st Serbian League 2022"]
[Site "Vrnjacka Banja"]
[Date "2022.09.25"]
[Round "6.6"]
[White "Velikic, Adela"]
[Black "Todorovic, Jovan"]
[Result "1-0"]
[ECO "E73"]
[WhiteElo "2272"]
[BlackElo "2350"]
[Annotator "TA"]
[PlyCount "105"]
[EventDate "2022.09.20"]
[EventType "team-tourn"]
[EventCountry "SRB"]
[SourceTitle "playchess.com"]
[Source "ChessBase"]
[SourceQuality "1"]
[TimeControl "40/5400+30:1800+30"]

1. d4 Nf6 2. c4 g6 3. Nc3 Bg7 4. e4 d6 5. Be2 O-O 6. Be3 e5 7. d5 Na6 8. h4 Nc5 {[%emt 0:02:46] E73: King's Indian: Averbakh Variation without 6...c5.} 9. Qc2 h5 10. f3 a5 {[%emt 0:04:38] White is slightly better.} 11. O-O-O Bd7 12. Nh3 a4 {[%emt 0:12:28] [#]} 13. Nf2 $146 ({Predecessor:} 13. Rdg1 c6 14. g4 cxd5 15. exd5 e4 16. Bg5 exf3 17. Bxf3 b5 18. cxb5 Re8 19. Nf4 {1-0 (34) Froewis,G (2449)-Bisby,D (2311) Vienna 2016}) 13... a3 14. b3 Qb8 15. g4 Rc8 16. Rhg1 c6 17. dxc6 Bxc6 18. Qd2 hxg4 ({Black should try} 18... Ne6) 19. Nxg4 (19. Bxc5 $142 dxc5 20. fxg4) 19... Nh5 $16 20. Qxd6 (20. Bh6 $16 {Threatens to win with Bxg7.} Bh8 21. Ne3 (21. Qxd6 Nxb3+ 22. axb3 a2 $11)) 20... Nxb3+ $1 $11 21. axb3 a2 22. Nxa2 Qxd6 23. Rxd6 Rxa2 24. Rd2 Ra3 (24... Ra1+ $11 25. Kb2 Rxg1 26. Bxg1 f5) 25. Kb2 $36 {[%emt 0:01:15][%mdl 2048] Black is under strong pressure. White is more active.} Rca8 {[%emt 0:00:46] [#]} 26. Nh6+ $1 Bxh6 27. Bxh6 Kh7 28. Be3 Nf4 (28... Ng7 $16 {is a better defense.} 29. Kc3 Ra2) 29. Bxf4 $18 exf4 30. Kc3 Ra2 31. Rxa2 Ra6 (31... Rxa2 32. Bd3 Rf2) 32. Ra3 $2 Rxa3 {[%emt 0:00:00][%mdl 4096] Endgame KRB-KRB} 33. Bd1 Ra1 (33... f6 $16 34. Kb2 Ra8) 34. Kb2 Ra5 35. Rg4 Bd7 36. Rxf4 Kg7 37. b4 Rh5 {[%emt 0:00:19][%mdl 8192] This move loses the game for Black.} (37... Re5 $16) 38. c5 f6 39. Bb3 Re5 40. Kc3 Bc8 41. Bd5 Re7 (41... f5 $142 42. Kd4 Kf6) 42. b5 g5 43. hxg5 fxg5 {[%emt 0:00:00] [#]} 44. Rg4 $1 Bxg4 (44... Kf6 45. Rg1) 45. fxg4 {[%emt 0:00:00] KR-KB. White mates.} Kf6 46. Kd4 Rd7 47. e5+ Ke7 48. e6 Rd8 49. b6 Rb8 50. Kc4 Rf8 51. Bxb7 Rf4+ 52. Kd5 Rxg4 53. c6 {[%emt 0:00:23] Weighted Error Value: White=0.26 (precise) /Black=0.43} 1-0

[Event "1st Serbian League 2022"]
[Site "Vrnjacka Banja"]
[Date "2022.09.25"]
[Round "6.7"]
[White "Indjic, Aleksandar"]
[Black "Tadic, Stefan"]
[Result "1-0"]
[ECO "D17"]
[WhiteElo "2628"]
[BlackElo "2318"]
[Annotator "TA"]
[PlyCount "165"]
[EventDate "2022.09.20"]
[EventType "team-tourn"]
[EventCountry "SRB"]
[SourceTitle "playchess.com"]
[Source "ChessBase"]
[SourceQuality "1"]
[TimeControl "40/5400+30:1800+30"]

1. d4 d5 2. Nf3 Nf6 3. c4 c6 4. Nc3 dxc4 5. a4 Bf5 6. Ne5 e6 7. f3 Bb4 8. Nxc4 $1 {[%emt 0:00:30][%mdl 4] is now more promising than 8.e4.} O-O 9. Kf2 {[%emt 0:01:04] D17: Slav Defence: 5 a4 Bf5: Lines with 6 Nh4 and 6 Ne5.} ({Of course not} 9. e4 Nxe4 $1 10. fxe4 Qh4+ 11. Kd2 Qxe4 $15) 9... h6 10. e4 Bh7 11. Be3 {[%emt 0:01:50] [#] White is slightly better.} Nfd7 $146 ({Predecessor:} 11... a5 12. Be2 Ne8 13. Qb3 f5 14. exf5 Bxf5 15. Rhd1 Nf6 16. Kg1 Nd5 17. Bf2 Nd7 {1-0 (46) Yu,Y (2708)-Solak,D (2594) Ankara 2022}) 12. Qb3 a5 13. Na2 Na6 14. Nxb4 Nxb4 15. Ne5 Qe7 16. Bc4 Nb6 17. Rhe1 Nxc4 18. Qxc4 f6 19. Nd3 Nxd3+ 20. Qxd3 f5 21. exf5 Rxf5 22. Qb3 Rd5 23. Kg1 Qb4 24. Qa2 Bc2 25. Bf2 Bb3 26. Qb1 Rf5 27. Re4 Bd5 28. Rg4 h5 29. Rg3 {[%emt 0:05:52] [#]} (29. Rh4 $1 $11 {keeps the balance.}) 29... Qd2 (29... h4 $1 $17 30. Rh3 g5) 30. h4 $11 Ra6 31. Qe1 Qxe1+ (31... Qxb2 $2 32. Rb1 Rb6 33. Rxb2 $18) 32. Bxe1 Kf7 33. Bd2 g6 34. Rg5 Ra8 35. Kf2 b6 36. Kg3 Rc8 37. Be3 Ra8 38. Rc1 Ra7 39. Bf4 Rb7 40. Be5 Ra7 41. Rxf5+ exf5 {[%emt 0:30:23][%mdl 4096] Endgame KRB-KRB} 42. Kf4 Rb7 43. Kg5 b5 44. axb5 Rxb5 45. Rc2 a4 46. Bd6 Rb7 47. Ba3 Rb5 48. Re2 Be6 49. Rf2 Bc4 50. Bc5 Rb3 51. Bd6 Bd5 52. Re2 {[%emt 0:00:00] Strongly threatening Re7+.} Be6 53. Bc5 Rd3 54. Kf4 Kf6 55. Bb6 Rb3 56. Bd8+ Kf7 57. Kg5 Rd3 58. Bf6 Rb3 59. d5 cxd5 60. Rc2 {[%emt 0:00:07] And now Rc7+ would win.} Rb7 {[%emt 0:00:07] Against Rc7+} 61. Rc5 d4 62. Bxd4 Rd7 63. Bc3 Rd6 64. Ra5 Bd7 65. Ra8 Be8 66. Kh6 ({White should play} 66. Ra7+ $16 Ke6 67. Ra8) 66... Rd5 (66... Re6 $14) 67. Bb4 Rd4 68. Ra7+ Bd7 {[%emt 0:00:01] White stays focused until the end.} (68... Ke6 $14 69. Re7+ Kf6) 69. Bc3 $16 Rd6 70. Kh7 {[%emt 0:01:06] White is more active.} Rd5 71. Ra6 Be6 (71... Be8 $16) 72. Rxa4 $18 Rd1 73. Ra7+ Bd7 (73... Rd7 {is a better defense.} 74. Ra6 Rd5) 74. b4 Rd6 75. Rb7 Rd3 76. Be1 Rd1 77. Bg3 Rd2 78. Bf4 Rd4 79. b5 Ke6 80. Rb6+ Kf7 81. Bg5 {[%emt 0:00:16] Rf6+ is the strong threat.} Rd5 $2 (81... Be6 82. Ra6 Rd7) 82. Rf6+ Ke8 83. b6 {[%emt 0:00:11] Weighted Error Value: White=0.05 (flawless) /Black=0.05 (flawless)} 1-0

[Event "1st Serbian League 2022"]
[Site "Vrnjacka Banja"]
[Date "2022.09.25"]
[Round "6.8"]
[White "Ivanovic, Marko"]
[Black "Ivanisevic, Ivan"]
[Result "1/2-1/2"]
[ECO "B48"]
[WhiteElo "2265"]
[BlackElo "2547"]
[Annotator "RC"]
[PlyCount "128"]
[EventDate "2022.09.20"]
[EventType "team-tourn"]
[EventCountry "SRB"]
[SourceTitle "playchess.com"]
[Source "ChessBase"]
[SourceQuality "1"]
[TimeControl "40/5400+30:1800+30"]

1. e4 c5 2. Nf3 e6 3. d4 cxd4 4. Nxd4 Nc6 5. Nc3 Qc7 6. Be3 a6 7. Qd2 Nf6 8. O-O-O Bb4 9. f3 O-O 10. g4 b5 11. a3 Be7 12. h4 b4 13. axb4 Bxb4 14. h5 Nxd4 15. Qxd4 Qa5 16. h6 e5 17. Qb6 Bxc3 18. bxc3 Qxb6 19. Bxb6 g6 20. Bc5 Re8 21. Rd6 Re6 22. Bc4 Rxd6 23. Bxd6 Ne8 24. Bxe5 d6 25. Bd4 Be6 26. Bd5 Bxd5 27. exd5 f6 28. f4 Nc7 29. c4 Re8 30. Kd2 Kf7 31. Kd3 Rb8 32. Bc3 Rb7 33. g5 a5 34. Bxa5 Na6 35. gxf6 Kxf6 36. Re1 Nc5+ 37. Kd4 Kf5 38. Bd2 Kg4 39. Re8 Kf3 40. Re3+ Kg4 41. Re8 Kf3 42. Re6 Nxe6+ 43. dxe6 Kg4 44. Kd5 Kf5 45. Bc3 Re7 46. Kxd6 Rxe6+ 47. Kd5 Re2 48. c5 Rxc2 49. Be5 g5 50. fxg5 Kxg5 51. Bg7 Kg6 52. c6 Kf7 53. Kd6 Rd2+ 54. Kc7 Ke6 55. Kc8 Rc2 56. c7 Ke7 57. Be5 Rc6 58. Bf4 Ke8 59. Bg5 Rc4 60. Bf6 Rb4 61. Bc3 Rb3 62. Bf6 Rb4 63. Bc3 Rc4 64. Bf6 Rc6 1/2-1/2

[Event "1st Serbian League 2022"]
[Site "Vrnjacka Banja"]
[Date "2022.09.25"]
[Round "6.9"]
[White "Perunovic, Milos"]
[Black "Sarenac, Ivan"]
[Result "1-0"]
[ECO "C45"]
[WhiteElo "2542"]
[BlackElo "2402"]
[Annotator "TA"]
[PlyCount "167"]
[EventDate "2022.09.20"]
[EventType "team-tourn"]
[EventCountry "SRB"]
[SourceTitle "playchess.com"]
[Source "ChessBase"]
[SourceQuality "1"]
[TimeControl "40/5400+30:1800+30"]

1. e4 e5 2. Nf3 Nc6 3. d4 exd4 4. Nxd4 Bc5 5. Nb3 Bb6 6. Nc3 Nf6 {[%emt 0:00:57] 6...Nf6 is better than 6...d6.} 7. Qf3 {[%emt 0:02:23] C45: Scotch Game.} a5 {[%emt 0:06:17] [#]} 8. Bb5 $146 ({Predecessor:} 8. Na4 Nd4 9. Nxd4 Bxd4 10. c3 Ba7 11. Be3 Bxe3 12. Qxe3 O-O 13. Bd3 d5 14. e5 Ng4 {0-1 (40) Maurizzi,M (2018)-Borisek,J (2576) Chess.com INT 2018}) 8... O-O 9. Bg5 $1 {[%emt 0:01:08] White is slightly better.} Ne5 10. Qg3 Neg4 11. O-O h6 12. Qxg4 hxg5 13. Qxg5 c6 14. Bd3 d6 15. Rad1 Be6 (15... a4 $11 16. Nc1 Ra5) 16. e5 dxe5 17. Qxe5 Bc7 {[%emt 0:18:51] This bishop pair is nice.} 18. Qe2 Qb8 (18... Qd6 $2 19. Bh7+ $1 Nxh7 20. Rxd6 Bxd6 21. Ne4 $18) 19. h3 Be5 (19... Bb6 $14) 20. Nc5 Re8 21. Nxe6 Rxe6 22. Qf3 $1 Bxc3 23. bxc3 Qe5 24. Bc4 Re7 25. Rd4 Rae8 26. Rfd1 b5 27. Bf1 Ne4 28. g3 Qc5 29. R4d3 (29. c4 $14) 29... b4 (29... Re6 $11 {remains equal.}) 30. cxb4 $16 axb4 31. Rd7 (31. Rd8 $16) 31... Nc3 $2 {[%emt 0:02:14] [#]} (31... Ng5 $1 $11 {and Black is okay.} 32. Qg4 Re4) 32. Re1 $3 Kf8 33. Rexe7 Rxe7 34. Rd8+ $40 {[%emt 0:00:00][%mdl 128] White is out for blood.} Re8 35. Rxe8+ Kxe8 {[%emt 0:00:02][%mdl 4096] Endgame KQB-KQN} 36. Qf4 Nd5 37. Qe4+ Kf8 38. h4 g6 39. Bc4 Nf6 40. Qf4 Kg7 (40... Qe7 $16 41. Qh6+ Ke8) 41. Bb3 $18 Qe7 42. Qc4 c5 43. c3 Nd7 44. cxb4 cxb4 45. Qd4+ Kg8 46. Kf1 Ne5 47. Qe4 Qd6 (47... Qf6 $142 48. Bd5 Qa6+ 49. Ke1 Qf6) 48. Qd5 (48. f4 $18 Ng4 49. f5 (49. Qe8+ Kg7 $11) 49... gxf5 50. Qe8+ Kh7 51. Qxf7+ Kh6 52. Qe6+ Qxe6 53. Bxe6) 48... Qc7 49. Ke2 Kf8 50. f4 Ng4 51. Qd4 (51. h5 $1 $16 {[%cal Rh5g6] Strongly threatening hxg6.} Qe7+ 52. Kd3) 51... Qb7 52. Bd5 {[%emt 0:01:23] Against Qg2+} Qb5+ 53. Qc4 Qb6 54. Kd3 {[%emt 0:03:56] Active counter play!} Qe3+ 55. Kc2 Kg7 56. Qxb4 Qe2+ 57. Kc1 Qe3+ 58. Kb2 Qe2+ (58... Nf6 59. Bb3 $14) 59. Ka3 {[%emt 0:00:16] aiming for Qb2+.} Qa6+ (59... Qe3+ $11 60. Bb3 Qxg3) 60. Kb3 $16 {[%emt 0:00:11] Threatens to win with Bc4.} Qe2 (60... Nf6 $16) 61. Qd4+ Kh7 (61... Nf6 {was necessary.}) 62. Bc4 ({Don't do} 62. Bxf7 Qf3+ 63. Kb2 Qg2+ 64. Kc3 Nf2) 62... Qe1 63. Qc3 $2 (63. Bxf7 $18 {and White stays clearly on top.} Qxg3+ 64. Ka4 Qxh4 65. Qd6) 63... Qd1+ (63... Qb1+ $16 64. Ka4 Qd1+ 65. Qb3 Qd7+ 66. Qb5 Qd1+ 67. Ka5 Qd2+ 68. Ka6 Qd6+ 69. Qb6 Qa3+ 70. Kb5 Qb2+ 71. Bb3 Qe2+ 72. Ka5 Qd2+ 73. Kb5 Qe2+ 74. Ka5 Qd2+ 75. Kb5 Qe2+) 64. Kb2 $18 Nf2 $2 (64... Qg1 {might work better.} 65. a4 (65. Bxf7 Qf2+ 66. Kb1 Qg1+ 67. Kb2 Qf2+ 68. Kb3 Qb6+ 69. Kc2 Qf2+ 70. Kb1 Qg1+ 71. Qc1 Qxg3 $18) 65... Qf2+ 66. Ka3 Qc5+ 67. Kb3 Qb6+ 68. Bb5 Ne3) 65. Qf6 (65. Qe3 $142 Qg1 66. Kb3) 65... Qd2+ {[%emt 0:00:23] [#]} 66. Kb3 $1 Qd1+ $2 (66... Qe3+ $1 $11 67. Ka4 (67. Kb4 Ne4 $18) 67... Qa7+ 68. Kb4 Qb8+ 69. Ka3 Ne4 70. Qxf7+ Kh6) 67. Kb4 Qe1+ (67... Ne4 {keeps fighting.} 68. Qxf7+ Kh6) 68. Ka4 Qe8+ {[%emt 0:00:19] [#]} 69. Ka3 $2 (69. Ka5 $1 $18 Qa8+ 70. Kb5 Qb8+ 71. Qb6 Qe8+ 72. Qc6) 69... Qa8+ $2 (69... Qe3+ $11 70. Ka4 Qe8+ 71. Ka5 Qa8+ 72. Kb4 Qb7+ 73. Ka4 Qa8+ 74. Kb5 Qb8+ 75. Qb6 Qe8+ 76. Qc6 Qe7) 70. Kb2 {[%emt 0:00:26] White is clearly winning.} Qb8+ 71. Bb3 Nd3+ 72. Kc3 Nc5 {[%emt 0:00:27] ...Ne4+ is the strong threat.} 73. Qxf7+ Kh6 74. Qe7 Qc8 75. Bc4 Na4+ 76. Kb3 {[%emt 0:00:16] Hoping for Qg5+.} Nc5+ 77. Kb4 Nd7 78. h5 {[%emt 0:00:36] Intending Qg5+ and mate.} Qb8+ 79. Kc3 Qh8+ 80. Kc2 {[%emt 0:00:17] Threatening mate with Qg5+.} Nf6 81. hxg6 Qc8 82. Kd3 Qf5+ 83. Kd4 Qxg6 84. Qf8+ {[%emt 0:00:00] Weighted Error Value: White=0.14 (very precise) /Black=0.19 (very precise)} 1-0

[Event "1st Serbian League 2022"]
[Site "Vrnjacka Banja"]
[Date "2022.09.25"]
[Round "6.10"]
[White "Arsovic, Zoran"]
[Black "Kosic, Dragan"]
[Result "1/2-1/2"]
[ECO "A34"]
[WhiteElo "2362"]
[BlackElo "2399"]
[Annotator "TA"]
[PlyCount "33"]
[EventDate "2022.09.20"]
[EventType "team-tourn"]
[EventCountry "SRB"]
[SourceTitle "playchess.com"]
[Source "ChessBase"]
[SourceQuality "1"]
[TimeControl "40/5400+30:1800+30"]

1. Nf3 c5 2. c4 Nf6 3. Nc3 Nc6 4. e3 e5 5. Be2 d5 6. d4 exd4 $1 {[%emt 0:05:24] 6...exd4 is better than 6...cxd4.} 7. exd4 cxd4 {[%emt 0:08:48] The position is equal.} 8. Nxd4 {[%emt 0:01:25] A34: Symmetrical English: 2 Nc3, lines with ...d5.} dxc4 9. Nxc6 {[%emt 0:07:22][%csl Gc6][%cal Rd1d8] [#]} Qxd1+ 10. Nxd1 {[%emt 0:00:44] Threatens to win with Ne5.} bxc6 {[%emt 0:00:11] [#] An interesting draw.} {Predecessor:} 11. Bxc4 $146 Nd5 12. Bd2 Be6 13. Rc1 Rb8 14. O-O Bd6 15. Bb3 Bf4 16. Bxf4 Nxf4 17. Bc4 {½-½ (40) Sevian,S (2703)-Oparin,G (2685) Saint Louis 2022} 1/2-1/2

[Event "1st Serbian League 2022"]
[Site "Vrnjacka Banja"]
[Date "2022.09.25"]
[Round "6.11"]
[White "Lazic, Miroljub"]
[Black "Radusinovic, Lazar"]
[Result "1/2-1/2"]
[ECO "A05"]
[WhiteElo "2300"]
[BlackElo "2308"]
[Annotator "TA"]
[PlyCount "133"]
[EventDate "2022.09.20"]
[EventType "team-tourn"]
[EventCountry "SRB"]
[SourceTitle "playchess.com"]
[Source "ChessBase"]
[SourceQuality "1"]
[TimeControl "40/5400+30:1800+30"]

1. Nf3 d5 2. b3 Nf6 3. Bb2 g6 4. c4 Bg7 5. g3 O-O 6. Bg2 c5 7. cxd5 Nxd5 8. Bxg7 Kxg7 9. O-O Nc6 10. d4 cxd4 11. Nxd4 Nxd4 12. Qxd4+ Nf6 {[%emt 0:00:05] A05: Réti Opening: 1 Nf3 Nf6.} 13. Qe5 a5 {[%emt 0:06:40] 13...Qd6 is setting a new trend.} 14. Nc3 Ra6 {[%emt 0:02:11] White is slightly better.} 15. Rfd1 Re6 {[%emt 0:02:21] [#]} 16. Qb5 $146 {[%emt 0:21:49] White has more active pieces. The black rooks are badly placed.} ({But not} 16. Rxd8 Rxe5 17. Rd2 b5 $11) ({White should play} 16. Qb8 $14 Qb6 17. Rac1) ({Predecessor:} 16. Qf4 Qb6 17. Rac1 Rd8 18. Rxd8 Qxd8 19. Rd1 Qb6 20. Bf3 Bd7 21. Na4 Bxa4 22. Qxa4 {0-1 (63) Markowski,T (2625)-Nedilko,V (2413) Warsaw 2010}) 16... Qb6 (16... Qc7 $5 17. Nd5 Nxd5 18. Bxd5 (18. Rxd5 Rc6 $11) 18... Rd6 $11) 17. Qxb6 Rxb6 18. Rac1 Rb4 19. Na4 Bg4 20. Kf1 (20. f3 $5 Bd7 21. Nc5 $16) 20... Rc8 21. Ke1 Rxc1 22. Rxc1 Bd7 23. Nc5 b6 $1 24. Nxd7 Nxd7 $14 {[%emt 0:00:06][%mdl 4096] Endgame KRB-KRN} 25. Rc7 (25. Rd1 $5 Nf6 26. Bc6 $14) 25... Rd4 26. Bc6 Ne5 27. Bb5 Kf8 28. Rb7 Rd6 29. f4 Ng4 30. e4 f6 31. h3 Ne3 32. Rc7 (32. Ke2 $14 Nc2 33. Bc4) 32... Rd4 $11 33. Ke2 Rxe4 34. Kf3 Rb4 35. Bd3 {[%emt 0:00:44][%mdl 1024] White has compensation.} Nf5 36. Bc4 Nd4+ $1 37. Kf2 Nb5 38. Rc8+ Kg7 39. Rb8 (39. Re8 $14) 39... Na3 40. Be6 f5 41. Bd5 Rd4 42. Rg8+ $1 Kh6 43. Bf3 $1 Nc2 44. Ke2 {[%emt 0:02:49] Inhibits Rd2+.} a4 45. Rc8 {[%emt 0:03:30] The position is equal.} Nb4 46. bxa4 Nxa2 47. Rc7 Rxa4 48. Rxe7 Nc3+ 49. Ke3 Ra3 {[%emt 0:00:54] Hoping for ...Nd5+.} 50. Kf2 Ra2+ 51. Ke3 {[%emt 0:00:42] [#]} Re2+ $1 52. Bxe2 Nd5+ 53. Kd4 Nxe7 {[%emt 0:00:15] KB-KN} 54. Ke5 {[%emt 0:00:07] Threatens to win with Ke6.} Kg7 55. g4 h6 56. Kd6 Kf6 57. g5+ hxg5 58. fxg5+ Kf7 59. h4 Kf8 60. h5 gxh5 61. Bxh5 b5 62. Kc5 Kg7 63. Kxb5 Ng6 64. Kc5 Nf4 65. Be8 Ne6+ 66. Kd6 Nxg5 67. Ke5 {[%emt 0:04:30] Weighted Error Value: White=0.09 (flawless) /Black=0.06 (flawless)} 1/2-1/2

[Event "1st Serbian League 2022"]
[Site "Vrnjacka Banja"]
[Date "2022.09.25"]
[Round "6.12"]
[White "Todorovic, Goran N"]
[Black "Laketic, Gojko"]
[Result "1/2-1/2"]
[ECO "D36"]
[WhiteElo "2305"]
[BlackElo "2255"]
[Annotator "TA"]
[PlyCount "45"]
[EventDate "2022.09.20"]
[EventType "team-tourn"]
[EventCountry "SRB"]
[SourceTitle "playchess.com"]
[Source "ChessBase"]
[SourceQuality "1"]
[TimeControl "40/5400+30:1800+30"]

1. c4 e6 2. Nf3 d5 3. d4 Nf6 4. Nc3 c6 5. cxd5 exd5 6. Bg5 Be7 7. Qc2 g6 8. Bxf6 Bxf6 9. e4 dxe4 10. Qxe4+ Qe7 11. Bc4 {[%emt 1:21:25] [#] A rather calm draw. D36: Queen's Gambit Declined: Exchange Variation: Main line (5 Bg5 c6 6 Qc2).} {Predecessor:} O-O $146 12. Qxe7 Bxe7 13. O-O Bf5 14. Rfe1 Bf6 15. h3 h5 16. Ne5 Nd7 17. Nxd7 Bxd7 18. Ne4 Be7 19. Nc5 Bxc5 20. dxc5 Rfe8 21. f4 Bf5 22. Rad1 Kf8 23. Kf2 {½-½ (23) Grachev,B (2621)-Drygalov,A (2484) Sochi 2019} 1/2-1/2

[Event "1st Serbian League 2022"]
[Site "Vrnjacka Banja"]
[Date "2022.09.25"]
[Round "6.13"]
[White "Sarana, Alexey"]
[Black "Budisavljevic, Luka"]
[Result "1-0"]
[ECO "E53"]
[WhiteElo "2662"]
[BlackElo "2524"]
[Annotator "TA"]
[PlyCount "107"]
[EventDate "2022.09.20"]
[EventType "team-tourn"]
[EventCountry "SRB"]
[SourceTitle "playchess.com"]
[Source "ChessBase"]
[SourceQuality "1"]
[TimeControl "40/5400+30:1800+30"]

1. d4 Nf6 2. c4 e6 3. Nc3 Bb4 4. e3 O-O 5. Bd3 c5 6. Nf3 d5 7. cxd5 cxd4 {[%emt 0:02:55] E53: Nimzo-Indian: Rubinstein: Main Line (4...0-0 5 Nf3 d5 6 Bd3 c5 7 0-0).} 8. exd4 Nxd5 9. O-O Nc6 {[%emt 0:01:48] White is slightly better.} (9... Nxc3 10. bxc3 Bd6 11. Ng5 $16) 10. Qe2 $5 {[%emt 0:12:47][%mdl 4] [#] A promising side line.} Re8 $146 (10... Nxc3 11. bxc3 Bd6 12. Rb1 $16 (12. Qe4 f5 $14)) ({Predecessor:} 10... Be7 11. Re1 Ncb4 12. Be4 Nf6 13. Bb1 b6 14. Ne4 Bb7 15. Neg5 Qd5 {1-0 (61) Shapoval,G (2202)-Grapsa,G (2106) Kharkov 2009}) 11. Bg5 Be7 (11... Nxd4 $5 12. Nxd4 (12. Bxh7+ Kf8 $11) 12... Qxg5 $11) 12. h4 Bxg5 13. hxg5 Nf4 14. Qe4 Nxd3 15. Qxd3 b6 16. Qe3 Bb7 17. Rad1 Ne7 18. Ne5 Rf8 19. Rfe1 Rc8 20. Rd3 Ba6 {[%emt 0:01:36] [#] ...Nf5 is the strong threat.} 21. Rd2 Bb7 22. Rd3 Ba6 23. Rd2 Bb7 24. Qh3 Nd5 25. Ne4 Nf4 26. Qg4 Bxe4 27. Qxf4 Bd5 28. Ng4 Qc7 29. Qe3 Kh8 (29... Bxa2 $2 30. b3 $18) 30. a3 Qb7 31. Qh3 Rc7 32. Ne5 Kg8 33. Qg3 Rfc8 34. Kh2 Rc1 35. Rxc1 Rxc1 36. f3 Qc7 37. Qf4 a5 38. Kg3 Qe7 39. Ng4 Rc8 40. Rd1 Qc7 41. Ne5 Qe7 42. Rh1 Rc2 {[%emt 0:06:57] [#]} (42... Rc7 $11 {remains equal.}) 43. b4 {[%emt 0:00:00] Chess con chili.} (43. Rh5 $1 $16) 43... a4 (43... axb4 $11 44. axb4 Rc7) 44. Qg4 {[%emt 0:00:00] Strongly threatening Qh5.} Rc3 ({Black should play} 44... f5 $14 45. Qh5 h6) 45. Qh5 $40 {[%emt 0:00:00][%mdl 128] White attacks with force.} Kf8 $2 (45... Be4 {is a better defense.}) 46. Rh4 $18 {[%emt 0:00:00] Black must now prevent g6.} ({Not} 46. g6 fxg6 47. Qxg6 (47. Qxh7 Qg5+ 48. Ng4 Kf7 $11) 47... h6 $11) 46... Rc7 (46... Re3 $142 47. g6 fxg6 48. Qxh7 Qg5+ 49. Rg4 Rxe5) 47. g6 fxg6 48. Qxh7 Qg5+ 49. Rg4 Qh6 50. Nxg6+ Ke8 51. Qg8+ {[%emt 0:00:04] White mates.} Kd7 52. Ne5+ Ke7 53. Qf7+ Kd6 54. Qf8+ {[%emt 0:00:03] Weighted Error Value: White=0.08 (flawless) /Black=0.43} 1-0

[Event "1st Serbian League 2022"]
[Site "Vrnjacka Banja"]
[Date "2022.09.25"]
[Round "6.14"]
[White "Puranik, Abhimanyu"]
[Black "Ivic, Velimir"]
[Result "0-1"]
[ECO "A11"]
[WhiteElo "2603"]
[BlackElo "2553"]
[Annotator "TA"]
[PlyCount "48"]
[EventDate "2022.09.20"]
[EventType "team-tourn"]
[EventCountry "SRB"]
[SourceTitle "playchess.com"]
[Source "ChessBase"]
[SourceQuality "1"]
[TimeControl "40/5400+30:1800+30"]

1. c4 c6 2. Nf3 d5 3. e3 Nf6 4. Nc3 Nbd7 5. Qc2 e5 6. cxd5 {[%emt 0:01:56] A11: English Opening: 1...c6.} Nxd5 7. Be2 Bd6 {[%emt 0:02:44] [#]} 8. b3 $146 {[%emt 0:10:39] The position is equal.} ({Predecessor:} 8. O-O O-O 9. b3 N7f6 10. Bb2 Bg4 11. h3 Bh5 12. Rad1 Qe7 13. d3 Rad8 14. Ne4 {½-½ (48) Fressinet,L (2693)-Kasimdzhanov,R (2687) Nancy 2011}) 8... O-O 9. Ne4 Bc7 10. Ba3 Re8 11. g4 (11. O-O $11) 11... N7f6 $15 12. g5 Nxe4 13. Qxe4 Nf4 14. Bf1 $2 {[%emt 0:10:48] [#] This move loses the game for White.} (14. exf4 $15 exf4 15. Qc4) 14... g6 {[%emt 0:15:14] Threatens to win with ...Bf5.} 15. Rg1 ({Don't blunder} 15. exf4 $2 exf4 16. Qe2 Bg4 $19) 15... Bf5 16. Qb4 Qd5 17. Rg3 Bd3 18. Qc3 Rad8 19. Bb2 $2 (19. Qc5) 19... Ba5 $19 20. b4 Bxf1 21. bxa5 Qb5 {[%emt 0:01:54][%csl Gf1,Gf4][%cal Rb5e2] [#]} 22. Ng1 {[%emt 0:00:00] Prevents Qe2+.} Bg2 23. O-O-O Nd3+ 24. Kc2 Be4 {[%emt 0:01:07] Weighted Error Value: White=0.98/Black=0.09 (flawless)} 0-1

[Event "1st Serbian League 2022"]
[Site "Vrnjacka Banja"]
[Date "2022.09.25"]
[Round "6.15"]
[White "Nenezic, Marko"]
[Black "Gagunashvili, Merab"]
[Result "1/2-1/2"]
[ECO "D16"]
[WhiteElo "2528"]
[BlackElo "2552"]
[Annotator "TA"]
[PlyCount "71"]
[EventDate "2022.09.20"]
[EventType "team-tourn"]
[EventCountry "SRB"]
[SourceTitle "playchess.com"]
[Source "ChessBase"]
[SourceQuality "1"]
[TimeControl "40/5400+30:1800+30"]

1. d4 d5 2. c4 c6 3. Nf3 Nf6 4. Nc3 dxc4 5. a4 e6 6. e3 c5 7. Bxc4 Nc6 8. O-O cxd4 9. exd4 Be7 {[%emt 0:00:07] D16: Slav Defence: 5 a4: Lines with 5...Bg4 and 5...Na6.} 10. Bg5 O-O 11. Re1 h6 $1 {[%emt 0:01:56][%mdl 4] outshines the older 11...Bd7.} 12. Be3 {[%emt 0:08:50] [#]} Nd5 $146 ({Predecessor:} 12... Nb4 13. Rc1 Bd7 14. Ne5 Nbd5 15. Qb3 Bc6 16. Nxc6 bxc6 17. Qc2 Rb8 18. Qd2 Nxe3 19. fxe3 e5 20. Rcd1 {½-½ (20) Gevorgyan,D (2328)-Kirszenberg,M (2103) Le Port Marly 2019}) 13. Qe2 Ncb4 14. a5 Bf6 15. Ne4 Bd7 16. Nxf6+ Qxf6 17. Ne5 Bc6 18. Qd2 Rfd8 19. Ra3 Nxe3 20. Raxe3 Qg5 $1 {[%emt 0:03:07][%csl Gc6][%cal Rg5g2] [#]} 21. f3 (21. f4 $11 Rxd4 22. fxg5 Rxd2 23. g6 fxg6 24. Nxc6 bxc6 25. Rxe6) 21... Nd5 $15 22. Bxd5 Bxd5 23. f4 Qf5 (23... Qxf4 $2 24. Rf1 Qg5 25. Nxf7 Qxg2+ 26. Qxg2 $18) 24. g4 Qh7 (24... Qxf4 25. Rf1 Qg5 26. Nxf7 $16 (26. Rxf7 Rf8 $15)) (24... Qf6 $15) 25. g5 $1 $11 hxg5 26. fxg5 Qh5 27. Rg3 {[%emt 0:01:25] And now Qe3 would win. Active counter play!} Rac8 28. Rf1 Rc7 (28... Be4 $15 {deserves consideration.} 29. Rc3 (29. Rxf7 $2 Rc2 $19) 29... Rxc3 30. bxc3 f6) 29. Qf4 Rc2 30. h4 (30. Qxf7+ $11 Qxf7 31. Nxf7 (31. Rxf7 Rxb2 32. Rc7 Rf8 $11)) 30... Rf8 (30... Qe2 {gets mated.} 31. Qxf7+ Kh8 {[#]} 32. Qf8+ $3 (32. Ng4 Qg2+ 33. Rxg2 Rxg2+ 34. Kh1 Rf2+ 35. Kg1 Rg2+ 36. Kh1 Rf2+ 37. Kg1 Rg2+ $11) 32... Rxf8 33. Rxf8+ Kh7 34. g6+ Kh6 35. Rh8#) 31. Rg4 (31. Ng4 $1 $11) 31... Qxh4 $2 32. Rxh4 {[%emt 0:00:51] Threatening mate with Rf2. Really sharp!} Rg2+ 33. Kh1 Rf2+ {[%emt 0:00:06] The position is equal.} 34. Kg1 Rg2+ 35. Kh1 Rf2+ 36. Kg1 {[%emt 0:00:00] Weighted Error Value: White=0.18 (very precise) /Black=0.17 (very precise)} 1/2-1/2